 Dungeon Crawl Stone Soup version 0.28.0-43-g3370ac3207 (webtiles) character file.

Game seed: 2219735364511386123

135270 H0rd4k the Sorcerer (level 16, -7/79 HPs)
             Began as a Deep Elf Hedge Wizard on Mar 18, 2022.
             Was an Initiate of Gozag.
             Succumbed to a sea snake's poison
             ... on level 4 of the Shoals on Mar 21, 2022.
             The game lasted 01:46:35 (44531 turns).

H0rd4k the Sorcerer (Deep Elf Hedge Wizard)        Turns: 44531, Time: 01:46:36

Health: -7/79      AC: 12    Str:  7    XL:     16   Next: 64%
Magic:  45/46      EV: 13    Int: 40    God:    Gozag
Gold:   254        SH:  0    Dex: 14    Spells: 35/64 levels left

rFire   + . .      SeeInvis +   G - staff of fire
rCold   . . .      Faith    .   (no shield)
rNeg    + . .      Spirit   .   g - +1 leather armour of Apathy {Int+4}
rPois   .          Reflect  .   c - +0 hat
rElec   +          Harm     .   i - scarf {repulsion}
rCorr   +          Rampage  .   (no gloves)
Will    +....                   (no boots)
Stlth   ++........              m - macabre finger necklace {rN+}
HPRegen 0.23/turn               q - ring "Mudghyneg" {AC+4 Int+2 SInv}
MPRegen 0.30/turn               T - ring of Tadimu {rElec rCorr Int+6}
                                M - +4 ring of protection

@: lethally poisoned (-7 -> -47), gold aura, studying Throwing, repel missiles,
very slow
A: no striking features
a: Renounce Religion, Potion Petition, Call Merchant, Bribe Branch


You were on level 4 of the Shoals.
You worshipped Gozag.
Gozag was aware of your devotion.
You visited 5 branches of the dungeon, and saw 25 of its levels.
You also visited: Ossuary and Ice Cave.

You collected 9345 gold pieces.
You spent 4049 gold pieces at shops.
You paid 5042 gold pieces to Gozag.

Inventory:

Hand Weapons
 r - the +6 spear "Gram" {vorpal, rF- Will+ MP+9 Int+4 SInv}
   (You found it on level 3 of the Dungeon)

   It inflicts extra damage upon your enemies.
   Int:       It affects your intelligence (+4).
   rF:        It makes you vulnerable to fire.
   MP:        It affects your magic capacity (+9).
   SInv:      It lets you see invisible.
   Will:      It increases your willpower.
 y - the +7 great mace "Ryorch" {flame, rF+ rN+}
   (You found it on level 6 of the Lair of Beasts)

   It burns those it strikes, dealing additional fire damage.
   rF:        It protects you from fire.
   rN:        It protects you from negative energy.
Missiles
 u - 7 throwing nets
Armour
 c - a +0 hat (worn)
 g - the +1 leather armour of Apathy (worn) {Int+4}
   (You took it off an orc on level 5 of the Dungeon)

   Int:       It affects your intelligence (+4).
 h - a +2 cloak of stealth
 i - a scarf of repulsion (worn)
Magical Staves
 G - a staff of fire (weapon)
 S - a staff of poison
Jewellery
 e - a ring of flight
 m - the macabre finger necklace (around neck) {rN+}
   (You found it on level 2 of the Dungeon)

   [amulet of nothing]

   It enables you to equip an extra ring.
   rN:        It protects you from negative energy.
 o - a ring of fire
 q - the ring "Mudghyneg" (left hand) {AC+4 Int+2 SInv}
   (You bought it in a shop on level 9 of the Dungeon)

   [ring of protection]

   AC:        It affects your AC (+4).
   Int:       It affects your intelligence (+2).
   SInv:      It lets you see invisible.
 I - a ring of poison resistance
 M - a +4 ring of protection (on amulet)
 O - the ring of the Final Decision {rF+ rC+ rN+}
   (You bought it in a shop on level 2 of the Shoals)

   [ring of protection from fire]

   rF:        It protects you from fire.
   rC:        It protects you from cold.
   rN:        It protects you from negative energy.
 Q - a ring of resist corrosion
 R - a ring of fire
 T - the ring of Tadimu (right hand) {rElec rCorr Int+6}
   (You bought it in a shop on level 9 of the Dungeon)

   [ring of intelligence]

   Int:       It affects your intelligence (+6).
   rElec:     It insulates you from electricity.
   rCorr:     It protects you from acid and corrosion.
Wands
 v - a wand of flame (40)
 N - a wand of polymorph (5)
Scrolls
 d - 6 scrolls of fog
 l - 14 scrolls of teleportation
 x - 4 scrolls of enchant armour
 z - 4 scrolls of amnesia
 A - 2 scrolls of summoning
 B - 2 scrolls of vulnerability
 D - 2 scrolls of immolation
 E - 2 scrolls of magic mapping
 J - 3 scrolls of identify
 L - a scroll of fear
 P - a scroll of brand weapon
Potions
 a - 2 potions of brilliance
 b - 2 potions of flight
 f - 2 potions of resistance
 j - 3 potions of mutation
 k - a potion of cancellation
 n - 7 potions of curing
 p - a potion of heal wounds
 t - 5 potions of might
 w - a potion of ambrosia
 C - 3 potions of haste
 F - a potion of lignification
 H - 2 potions of berserk rage
 K - 2 potions of invisibility


   Skills:
 - Level 1.3 Fighting
 + Level 0.3 Short Blades
 + Level 1.0 Polearms
 - Level 3.1 Armour
 + Level 5.2 Dodging
 + Level 4.8 Stealth
 + Level 24.7 Spellcasting
 + Level 17.6 Conjurations
 * Level 1.9 Summonings
 + Level 6.4 Translocations
 + Level 14.9 Fire Magic
 + Level 2.8 Air Magic
 + Level 3.6 Poison Magic
 + Level 2.2 Evocations


You had 35 spell levels left.
You knew the following spells:

 Your Spells              Type           Power      Damage    Failure   Level
a - Magic Dart            Conj           100%       1d8       0%          1
b - Blink                 Tloc           100%       N/A       1%          2
c - Conjure Flame         Conj/Fire      100%       6-21      0%          3
d - Mephitic Cloud        Conj/Pois/Air  85%        N/A       1%          3
e - Fireball              Conj/Fire      66%        3d25      1%          5
f - Orb of Destruction    Conj           56%        9d14      1%          7
g - Ignition              Fire           64%        3d17      9%          8

Your spell library contained the following spells:

 Spells                   Type           Power      Damage    Failure   Level
 Iskenderun's Battlesphe  Conj           100%       2d15      0%          5
 Slow                     Hex            100%       N/A       1%          1
 Sting                    Tmut/Pois      100%       1d8       1%          1
 Call Imp                 Summ           59%        N/A       1%          2
 Corpse Rot               Necr/Air       100%       N/A       1%          2
 Poisonous Vapours        Pois/Air       100%       N/A       1%          2
 Sublimation of Blood     Necr           49%        N/A       1%          2
 Call Canine Familiar     Summ           59%        N/A       1%          3
 Frozen Ramparts          Ice            98%        1d11      1%          3
 Gell's Gravitas          Tloc           79%        N/A       1%          3
 Lesser Beckoning         Tloc           79%        N/A       1%          3
 Ozocubu's Armour         Ice            49%        N/A       1%          3
 Portal Projectile        Hex/Tloc       100%       N/A       1%          3
 Stone Arrow              Conj/Erth      100%       3d13      1%          3
 Teleport Other           Tloc           79%        N/A       1%          3
 Fulminant Prism          Conj/Hex       44%        3d20      1%          4
 Iskenderun's Mystic Bla  Conj/Tloc      98%        2d19      1%          4
 Olgreb's Toxic Radiance  Pois           67%        N/A       1%          4
 Irradiate                Conj/Tmut      44%        3d28      1%          5
 Conjure Ball Lightning   Conj/Air       46%        3x3d16    1%          6
 Summon Forest            Summ/Tloc      35%        N/A       2%          5
 Animate Armour           Summ/Erth      100%       N/A       3%          4
 Summon Ice Beast         Ice/Summ       54%        N/A       3%          4
 Ice Form                 Ice/Tmut       49%        N/A       5%          4
 Leda's Liquefaction      Hex/Erth       24%        N/A       5%          4
 Petrify                  Tmut/Erth      49%        N/A       5%          4
 Summon Mana Viper        Hex/Summ       54%        N/A       11%         5
 Lee's Rapid Deconstruct  Erth           24%        3d14*     16%         5
 Metabolic Englaciation   Hex/Ice        24%        N/A       16%         5
 Eringya's Noxious Bog    Tmut/Pois      29%        N/A       38%         6
 Simulacrum               Ice/Necr       24%        N/A       65%         6
 Statue Form              Tmut/Erth      32%        N/A       65%         6
 Lehudib's Crystal Spear  Conj/Erth      44%        10d11     69%         8
 Monstrous Menagerie      Summ           29%        N/A       91%         7
 Summon Hydra             Summ           29%        N/A       91%         7
 Ozocubu's Refrigeration  Ice            24%        4d9       99%         7


Dungeon Overview and Level Annotations

Branches:
Dungeon (12/15)            Temple (1/1) D:5            Lair (6/6) D:9
 Shoals (4/4) Lair:3       Spider (0/4) Lair:3        Slime (0/5) Lair:5
    Orc (2/2) D:12            Elf (0/3) Orc:2       Ossuary (visited)
  IceCv (visited)

Altars:
Cheibriados
Dithmenos
Gozag
Hepliaklqana
Kikubaaqudgha
Makhleb
Okawaru
Qazlal
Sif Muna
Uskayaw
Vehumet
Xom
The Shining One
Beogh

Shops:
D:8 *   D:9 =:=:=   Orc:2 [*=*[   Shoals:2 *   Shoals:3 (:

Annotations:
D:2 exclusion: downstairs
D:3 1 runed translucent door, exclusions: door and 2 downstairs, Crazy Yiuf
D:8 exclusion: downstairs
D:10 exclusions: downstairs and orange crystal statue
D:11 2 transporters, exclusion: ice statue, Peloso's ghost, journeyman MiFi
Lair:3 exclusion: tarantella
Lair:4 exclusion: 2 downstairs
Lair:5 exclusion: downstairs
Shoals:2 exclusion: 2 downstairs
Shoals:3 exclusion: downstairs


Message History

You feel extremely sick.
The sea snake is engulfed in a cloud of scalding steam.
The sea snake bites you but does no damage.
The merfolk siren chants its luring song.
The sea snake is engulfed in a cloud of scalding steam.
The sea snake bites you!
You are lethally poisoned!
The sea snake poisons you!
You feel much better.
You feel extremely sick.
The sea snake is engulfed in a cloud of scalding steam.
The sea snake barely misses you.
Unknown command.
Casting: Fireball (safe; 1% risk of failure)
Confirm with . or Enter, or press ? or * to list all spells.
Aiming: Fireball (safe; 1% risk of failure)
Press: ? - help, Shift-Dir - straight line You feel a surge of power!
The fireball explodes!
The fireball engulfs the sea snake!!!
You kill the sea snake!
* * * LOW HITPOINT WARNING * * *
You feel extremely sick.
The merfolk siren chants its luring song.
Casting: Fireball (safe; 1% risk of failure)
Confirm with . or Enter, or press ? or * to list all spells.
Aiming: Fireball (safe; 1% risk of failure)
Press: ? - help, Shift-Dir - straight line, f - merfolk siren
Aim: a merfolk siren, wielding a +0 trident (water, mesmerising)
You feel a surge of power!
The fireball explodes!
The fireball engulfs the merfolk siren!!!
You break out of your daze!
You kill the merfolk siren!
You now have 254 gold pieces (gained 5).
You hear a splash.
* * * LOW HITPOINT WARNING * * *
You feel extremely sick.
You hear an angry hiss.
Magic courses through your body.
You die...
Your body crumbles into a pile of gold.

##≈≈≈≈≈≈≈
##≈≈≈≈≈≈≈≈
######≈≈≈≈≈≈≈≈≈
≈≈≈≈≈≈≈≈≈≈≈≈≈≈.
≈≈≈≈≈≈≈≈≈≈§≈≈§§≈≈.≈
≈≈≈≈≈≈≈≈≈≈≈§≈§§≈≈..
≈≈≈≈≈≈≈§≈§§§.§§§≈≈.
≈≈≈≈≈≈≈≈§§§@≈≈≈≈≈≈.
≈≈≈≈≈≈≈≈§§$≈≈≈≈≈≈≈≈
≈≈≈≈≈≈≈≈§$≈≈≈≈≈≈≈≈≈
≈≈≈≈≈≈≈...≈≈≈≈≈≈≈≈≈
≈≈≈≈≈≈.<##.≈≈≈≈.≈≈≈
≈≈≈≈≈≈$####≈≈≈≈.≈≈≈
≈≈≈≈≈≈≈ ...≈≈≈≈≈≈
≈≈≈≈≈≈. ...≈≈≈≈≈≈
≈≈≈≈≈..


There were no monsters in sight!

Vanquished Creatures
  Saint Roka (Orc:2)
  Nikola (Shoals:2)
  A kraken (Shoals:1)
  11 merfolk impalers
  5 hydras
  Harold (D:11)
  A catoblepas (Shoals:2)
  2 ice dragons
  4 centaur warriors
  2 ogre magi (Orc:2)
  A boulder beetle (D:12)
  A death knight (D:11)
  An alligator snapping turtle (Shoals:3)
  Erica (Orc:1)
  A merfolk avatar (Shoals:2)
  11 two-headed ogres
  5 merfolk aquamancers (Shoals:1)
  A satyr (Shoals:3)
  8 death yaks (Lair:5)
  Sonja (Lair:5)
  A skeletal warrior (D:11)
  An iron troll (Orc:2)
  A deep troll (Orc:2)
  10 sea snakes
  2 lindwurms (Lair:6)
  19 harpies
  A wolf spider (Lair:6)
  A necromancer (Lair:2)
  8 manticores
  2 ugly things
  4 cyclopes
  21 fauns
  11 elephants
  4 merfolk sirens
  5 torpor snails (Lair:6)
  A water nymph (Shoals:1)
  10 black mambas
  2 ice statues (IceCv)
  8 rime drakes
  13 cane toads
  9 komodo dragons
  2 freezing wraiths (D:11)
  19 merfolk
  2 wind drakes (Shoals:3)
  10 polar bears
  11 trolls
  3 tyrant leeches (Lair:6)
  7 hornets
  A tarantella (Lair:3)
  3 raiju (Lair:6)
  4 dream sheep (Shoals:3)
  9 blink frogs
  4 snapping turtles
  A meliai zombie (D:11)
  4 wraiths
  76 yaks
  5 wyverns
  5 water elementals
  A shadow (D:11)
  7 basilisks
  4 wargs (Lair:6)
  14 hell hounds (Lair:6)
  15 water moccasins
  12 orc warriors
  An ice beast (D:5)
  11 black bears (Lair:6)
  3 necrophages
  17 ogres (Orc:2)
  A sky beast (D:5)
  24 wolves
  5 centaurs
  5 phantoms
  2 kobold brigands (D:9)
  8 bullfrogs
  5 lindwurm simulacra (IceCv)
  10 killer bees
  7 wights
  2 electric eels (Lair:3)
  3 howler monkeys
  10 centaur zombies
  6 komodo dragon simulacra (IceCv)
  A human zombie (Ossuary)
  A hound (D:4)
  2 jellies
  A gnoll shaman (D:10)
  15 orc priests
  A centaur skeleton (D:7)
  5 iguanas
  16 orc wizards
  4 hell rats
  3 polar bear simulacra (Lair:2)
  4 yak simulacra (Lair:2)
  3 wolf simulacra (Lair:2)
  3 mummies (Ossuary)
  A howler monkey skeleton (D:6)
  3 adders
  11 gnolls
  A howler monkey zombie (D:7)
  3 acid dragon simulacra (IceCv)
  2 shadow imps
  2 white imps
  An ufetubus (D:4)
  7 steam dragon simulacra (IceCv)
  An adder skeleton (D:4)
  3 worms (D:2)
  A dart slug (D:5)
  61 orcs
  7 bats
  10 endoplasms
  18 giant cockroaches
  8 goblins
  8 hobgoblins
  7 jackals (D:1)
  4 quokkas
  7 ball pythons
  A frilled lizard (D:1)
  4 goblin zombies (Ossuary)
  2 hobgoblin zombies (Ossuary)
  13 kobolds
  3 kobold zombies (Ossuary)
  9 rats
  A river rat simulacrum (Lair:2)
  A bush (Lair:6)
792 creatures vanquished.

Vanquished Creatures (collateral kills)
  Donald (Shoals:1)
  A merfolk avatar (Shoals:1)
  A manticore (Shoals:1)
  3 merfolk (Shoals:1)
  An orc warrior (Orc:1)
  An ogre (Orc:1)
  An orc priest (Orc:1)
  An orc wizard (Orc:1)
  4 orcs (Orc:1)
14 creatures vanquished.

Vanquished Creatures (others)
  A merfolk aquamancer (Shoals:1)
  25 fungi
  151 plants
  12 tentacles (Shoals:1)
  A withered plant (Shoals:2)
190 creatures vanquished.

Grand Total: 996 creatures vanquished

Notes
Turn   | Place    | Note
-------+----------+-------------------------------------------
     0 | D:1      | H0rd4k the Deep Elf Hedge Wizard began the quest for the
                  | Orb.
     0 | D:1      | Reached XP level 1. HP: 10/10 MP: 7/7
   392 | D:1      | Reached XP level 2. HP: 15/15 MP: 5/9
   651 | D:1      | Reached skill level 5 in Spellcasting
  1032 | D:1      | Reached XP level 3. HP: 19/19 MP: 4/11
  1038 | D:1      | Learned a level 2 spell: Blink
  1042 | D:1      | Learned a level 3 spell: Conjure Flame
  1046 | D:1      | Learned a level 3 spell: Mephitic Cloud
  1245 | D:1      | Found a faded altar of an unknown god.
  2276 | D:2      | Found the macabre finger necklace {rN+}
  2846 | D:2      | Reached XP level 4. HP: 24/24 MP: 3/13
  3265 | D:3      | Reached skill level 1 in Poison Magic
  3490 | D:3      | Noticed a necrophage
  4374 | D:3      | Reached skill level 6 in Spellcasting
  4848 | D:3      | Reached XP level 5. HP: 28/28 MP: 9/15
  5108 | D:3      | Reached skill level 1 in Fire Magic
  5108 | D:3      | Reached skill level 1 in Air Magic
  5295 | D:3      | Killed a necrophage
  5483 | D:3      | Identified the +6 spear "Gram" {vorpal, rF- Will+ MP+9
                  | Int+4 SInv}
  5602 | D:3      | Reached XP level 6. HP: 33/33 MP: 17/17
  5727 | D:3      | Found a runed translucent door.
  5728 | D:3      | Noticed Crazy Yiuf
  6352 | D:3      | Reached skill level 7 in Spellcasting
  6926 | D:4      | Found a hazy altar of Hepliaklqana.
  6936 | D:4      | Found a snail-covered altar of Cheibriados.
  7402 | D:4      | Reached skill level 8 in Spellcasting
  7402 | D:4      | Reached XP level 7. HP: 37/37 MP: 16/20
  7509 | D:5      | Entered Level 5 of the Dungeon
  8044 | D:5      | Reached skill level 9 in Spellcasting
  8104 | D:5      | Identified the +1 leather armour of Apathy {Int+4}
  8206 | D:5      | Reached skill level 5 in Conjurations
  8348 | D:5      | Noticed a yak
  8348 | D:5      | Noticed a yak
  8352 | D:5      | Noticed a yak
  8363 | D:5      | Killed a yak
  8364 | D:5      | Reached XP level 8. HP: 38/42 MP: 21/23
  8370 | D:5      | Reached skill level 10 in Spellcasting
  9136 | D:5      | Identified the +10 war axe "Fisoty" {vorpal, Fragile Fly
                  | rN+ Str+3}
  9230 | D:5      | Found a staircase to the Ecumenical Temple.
  9238 | Temple   | Entered the Ecumenical Temple
  9264 | Temple   | Became a worshipper of Gozag Ym Sagoz the Greedy
  9420 | D:5      | Reached skill level 11 in Spellcasting
  9870 | D:6      | Reached XP level 9. HP: 46/46 MP: 26/26
 10274 | D:6      | Found an iron altar of Okawaru.
 10459 | D:6      | Reached skill level 12 in Spellcasting
 10886 | D:6      | Reached skill level 13 in Spellcasting
 11191 | D:6      | Noticed a two-headed ogre
 11211 | D:6      | Killed a two-headed ogre
 11322 | D:6      | Reached XP level 10. HP: 30/51 MP: 27/29
 11555 | D:6      | Found a hazy altar of Hepliaklqana.
 12459 | D:7      | Reached skill level 14 in Spellcasting
 13470 | D:8      | Found a sand-covered staircase.
 13475 | Ossuary  | Entered an ossuary
 13482 | Ossuary  | Learned a level 5 spell: Fireball
 14890 | D:8      | Found Fupno's Assorted Antiques.
 14911 | D:8      | Bought a masterwork rapier for 234 gold pieces
 14911 | D:8      | Identified the +7 rapier of the Shore {vorpal, rN++} (You
                  | bought it in a shop on level 8 of the Dungeon)
 15410 | D:9      | Found a staircase to the Lair.
 15422 | D:9      | Noticed a two-headed ogre
 15446 | D:9      | Killed a two-headed ogre
 15447 | D:9      | Reached skill level 1 in Fighting
 15447 | D:9      | Reached skill level 1 in Polearms
 15447 | D:9      | Reached skill level 15 in Spellcasting
 15447 | D:9      | Reached skill level 10 in Conjurations
 16600 | D:9      | Found a shimmering altar of Xom.
 16605 | D:9      | Found a shadowy altar of Dithmenos.
 16620 | D:9      | Found a radiant altar of Vehumet.
 17043 | D:10     | Entered Level 10 of the Dungeon
 17417 | D:10     | Reached XP level 11. HP: 32/56 MP: 27/32
 18337 | D:10     | Noticed an orange crystal statue
 18365 | D:10     | Reached skill level 16 in Spellcasting
 18963 | D:9      | Learned a level 7 spell: Orb of Destruction
 18967 | Lair:1   | Entered Level 1 of the Lair of Beasts
 19960 | Lair:1   | Reached skill level 17 in Spellcasting
 20375 | Lair:1   | Identified the +3 ring mail "Telyop" {Str+6 Int+3}
 20750 | Lair:1   | Noticed a seven-headed hydra
 20789 | Lair:1   | Killed a seven-headed hydra
 21342 | Lair:2   | Reached XP level 12. HP: 61/61 MP: 30/35
 21414 | Lair:2   | Reached skill level 18 in Spellcasting
 21665 | Lair:2   | Reached skill level 5 in Fire Magic
 22628 | Lair:3   | Noticed a six-headed hydra
 22633 | Lair:3   | Killed a six-headed hydra
 22703 | Lair:3   | Reached skill level 1 in Armour
 22866 | Lair:3   | Found a hole to the Spider Nest.
 23402 | Lair:3   | Found a staircase to the Shoals.
 23546 | Lair:3   | Reached skill level 19 in Spellcasting
 24098 | Lair:4   | Found a frozen archway.
 24143 | IceCv    | Entered an ice cave
 24902 | IceCv    | Noticed an ice dragon
 25071 | IceCv    | Killed an ice dragon
 26043 | D:9      | Bought the ring of Tadimu {rElec rCorr Int+6} for 1093 gold
                  | pieces
 26317 | Lair:5   | Noticed Sonja
 26321 | Lair:5   | Killed Sonja
 26322 | Lair:5   | Reached XP level 13. HP: 65/65 MP: 36/38
 26329 | Lair:5   | Identified the +1 ring mail of Elyvilon's Wrath {rC+}
 26727 | Lair:5   | Reached skill level 20 in Spellcasting
 27796 | Lair:5   | Reached skill level 5 in Translocations
 28143 | Lair:5   | Found a staircase to the Slime Pits.
 28958 | Lair:6   | Entered Level 6 of the Lair of Beasts
 29328 | Lair:6   | Reached skill level 21 in Spellcasting
 29339 | Lair:6   | Identified the +7 great mace "Ryorch" {flame, rF+ rN+}
 29494 | Lair:6   | Reached XP level 14. HP: 70/70 MP: 17/41
 30024 | Lair:6   | Reached skill level 1 in Evocations
 30391 | Lair:6   | Found a runed translucent door.
 30693 | Lair:6   | Reached skill level 10 in Fire Magic
 31388 | Lair:6   | Reached skill level 15 in Conjurations
 31874 | Lair:6   | Identified the +1 scale mail "Tapneum" {rPois Dex-2 Stlth+}
 32842 | D:9      | Bought the Unrestrained Analects for 440 gold pieces
 32852 | D:9      | Learned a level 8 spell: Ignition
 33112 | D:11     | Reached skill level 22 in Spellcasting
 33113 | D:11     | Noticed Harold
 33477 | D:11     | Identified the +0 chain mail "Tar Nup" {Str+4}
 33609 | D:11     | Killed Harold
 33811 | D:11     | Found a glowing golden altar of the Shining One.
 33991 | D:11     | Found a transporter.
 33993 | D:11     | Found a transporter.
 33997 | D:11     | Noticed Peloso's ghost (journeyman MiFi)
 34878 | D:12     | Found a staircase to the Orcish Mines.
 35224 | Orc:1    | Entered Level 1 of the Orcish Mines
 35372 | Orc:1    | Noticed Erica
 35375 | Orc:1    | Killed Erica
 35616 | Orc:2    | Entered Level 2 of the Orcish Mines
 36214 | Orc:2    | Reached XP level 15. HP: 71/74 MP: 28/43
 36252 | Orc:2    | Noticed Saint Roka
 36258 | Orc:2    | Killed Saint Roka
 36283 | Orc:1    | You fall into a shaft and drop 1 floor!
 37377 | Orc:2    | Found Zoneaq's General Store.
 37403 | Orc:2    | Found Yfis's Assorted Antiques.
 37547 | Orc:2    | Found Temn's Antique Armour Shop.
 37560 | Orc:2    | Found Tufen's Jewellery Shop.
 37576 | Orc:2    | Bought a glowing helmet for 172 gold pieces
 37719 | Orc:2    | Found Wewaoregh's Antique Armour Shoppe.
 37732 | Orc:2    | Bought an embroidered cloak for 217 gold pieces
 37782 | Orc:2    | Found a staircase to the Elven Halls.
 38257 | D:9      | Bought the ring "Mudghyneg" {AC+4 Int+2 SInv} for 822 gold
                  | pieces
 38529 | Shoals:1 | Entered Level 1 of the Shoals
 38539 | Shoals:1 | Noticed Donald
 38550 | Shoals:1 | Reached skill level 23 in Spellcasting
 38551 | Shoals:1 | Killed Donald
 38792 | Shoals:1 | Noticed a kraken
 39720 | Shoals:1 | Reached skill level 5 in Dodging
 40378 | Shoals:1 | Killed a kraken
 40379 | Shoals:1 | Reached XP level 16. HP: 79/79 MP: 15/45
 41317 | Shoals:2 | Found Dirghezuu's Assorted Antiques.
 41329 | Shoals:2 | Bought a twitching iron ring for 145 gold pieces
 41329 | Shoals:2 | Identified the ring of the Final Decision {rF+ rC+ rN+}
                  | (You bought it in a shop on level 2 of the Shoals)
 41476 | Shoals:2 | Reached skill level 24 in Spellcasting
 41762 | Shoals:2 | Noticed Nikola
 42032 | Shoals:2 | Killed Nikola
 42664 | Shoals:3 | Found Xufasufo's Antique Weapon Boutique.
 43874 | Shoals:3 | Found Bousink's Book Shoppe.
 44019 | D:9      | Bought a Fen Folio for 546 gold pieces
 44022 | D:9      | Bought a book of Beasts for 380 gold pieces
 44359 | Shoals:4 | Entered Level 4 of the Shoals
 44530 | Shoals:4 | HP: 2/79 [poisoned by a sea snake]
 44531 | Shoals:4 | Succumbed to a sea snake's poison

Illustrated notes

Levels and vault maps discovered:
D:1:      lemuel_arrival_behind_the_door_large, layout_loops_ring,
          hellmonk_ecumenical_altar_defaced_shrine
D:2:      layout_basic
D:3:      minmay_roachtagon, layout_loops_ring, uniq_crazy_yiuf_cottage
D:4:      layout_rooms, minitemple
D:5:      layout_basic, minmay_temple_entry_nine_rooms, minmay_pentangle
D:6:      layout_loops_cross, nicolae_overflow_hidden_temple,
          kennysheep_flooded_box, kennysheep_windowed_goal
D:7:      layout_rooms, serial_corexii_hall, corexii_hall_statues_l,
          corexii_hall_statues_t, bh_walls_and_bars
D:8:      layout_basic, enter_ossuary_5, serial_shops, nicolae_shop_trees
D:9:      layout_irregular_city, minmay_overflow_temple_star_quad,
          lair_entry_dummy
D:10:     layout_gridville, minmay_protected_statue
D:11:     layout_gridville, nzn_ghost_randoct, nicolae_tso_swordbearing_angel,
          uniq_harold
D:12:     layout_irregular_city, david_orc_3
Temple:   nicolae_temple_elliptical
Lair:1:   layout_chaotic_city, serial_bayou_shore_b, grunt_megastairs_4,
          infiniplex_staircase_pool
Lair:2:   layout_chaotic_city, eino_house_with_fridge
Lair:3:   layout_gridlike, elwin_shoals_entry_rocks, spider_nest_entry_rubble,
          serial_forest, infiniplex_forest_join, infiniplex_forest_clump_small,
          infiniplex_forest_clump_small, infiniplex_forest_lined_room_3,
          infiniplex_forest_clump_curved, infiniplex_forest_clump_medium,
          infiniplex_forest_end_2, infiniplex_forest_clump_curved,
          infiniplex_forest_clump_medium
Lair:4:   layout_loops_ring, portal_ice_cave_rime
Lair:5:   layout_misc_corridors, nicolae_slime_entry_slimehenge,
          beast_lair_carwin_8, grunt_megastairs_1, uniq_sonja
Lair:6:   wormcave, layout_small_grid, hangedman_lair_caniforms_friends,
          minivault_19, nicolae_lair_grazing_beasts
          [nicolae_sub_lair_graze_edge, nicolae_sub_lair_graze_edge,
          nicolae_sub_lair_graze_edge, nicolae_sub_lair_graze_edge]
Shoals:1: layout_shoals, nicolae_shoals_aquamancer_cove, uniq_donald
Shoals:2: layout_shoals, serial_shops, nicolae_shop_overgrown_old_shop,
          argonaut_gorgonesque, uniq_nikola
Shoals:3: layout_shoals, serial_shops, nicolae_shop_stone,
          nicolae_shop_overgrown_old_shop
Shoals:4: shoals_end_hangedman, layout_shoals, nicolae_shoals_drake_roost
Orc:1:    layout_caves, uniq_erica
Orc:2:    st_orc_open, layout_caves, serial_shops, nicolae_square_shop,
          uniq_saint_roka

Skill      XL: |  1  2  3  4  5  6  7  8  9 10 11 12 13 14 15 16 |
---------------+-------------------------------------------------+-----
Spellcasting   | 5 6 8 9 11 13 15 17 19 21 22 23 24 | 24.7
Poison Magic   | 1 2 3 |  3.6
Conjurations   | 2 3 5 6 9 10 12 13 14 15 16 17 | 17.6
Fire Magic     | 1 2 3 4 7 9 12 13 14 | 14.9
Air Magic      | 1 2 |  2.8
Dodging        | 3 4 5 |  5.2
Translocations | 2 3 4 5 6 |  6.4
Fighting       | 1 |  1.3
Polearms       | 1 |  1.0
Armour         | 2 3 |  3.1
Stealth        | 3 4 |  4.8
Evocations     | 2 |  2.2
Short Blades   | |  0.3
Summonings     | |  1.9

Action                   |  1- 3 |  4- 6 |  7- 9 | 10-12 | 13-15 | 16-18 || total
-------------------------+-------+-------+-------+-------+-------+-------++-------
Melee: Dagger            |     4 |     6 |       |       |       |       ||    10
       Spear             |       |     1 |     6 |    21 |     1 |       ||    29
       Staff             |       |       |       |       |     1 |       ||     1
 Cast: Magic Dart        |   167 |   217 |   306 |   546 |   120 |     2 ||  1358
       Blink             |       |    16 |     9 |    32 |    34 |     6 ||    97
       Conjure Flame     |       |     8 |    23 |    70 |     7 |       ||   108
       Mephitic Cloud    |       |     8 |    12 |    26 |     1 |       ||    47
       Fireball          |       |       |       |   130 |   427 |   132 ||   689
       Orb of Destructio |       |       |       |       |     3 |       ||     3
Invok: Call Merchant     |       |       |       |     2 |     3 |       ||     5
Evoke: Wand              |       |       |     1 |     1 |    37 |       ||    39
  Use: Potion            |       |     2 |       |     4 |     2 |     2 ||    10
       Scroll            |       |       |       |    19 |    12 |     3 ||    34
Armor: Robe              |     5 |    31 |     2 |     5 |       |       ||    43
       Leather armour    |       |       |       |    16 |    27 |    11 ||    54
Dodge: Dodged            |    19 |    85 |    24 |    91 |    93 |    39 ||   351
       Repelled          |       |       |       |       |     5 |     1 ||     6
